 Dungeon Crawl Stone Soup version 0.30-a0-728-gc68057be0a (webtiles) character file.

Game seed: 10243285004410168751

1 dialectric the Covered (level 1, 10/10 HPs)
             Began as a Gargoyle Wanderer on Jan 30, 2023.
             Got out of the dungeon alive.
             The game lasted 00:00:33 (47 turns).

dialectric the Covered (Gargoyle Wanderer)            Turns: 47, Time: 00:00:33

Health: 10/10      AC:  9    Str: 13    XL:     1   Next: 20%
Magic:  2/2        EV:  8    Int: 13    God:
Gold:   0          SH:  0    Dex: 10    Spells: 1/2 levels left

rFire   . . .      SeeInvis .    a - +0 falchion
rCold   . . .      Faith    .    (no shield)
rNeg    + . .      Spirit   .    b - +0 scale mail
rPois   ∞          Reflect  .    (no helmet)
rElec   +          Harm     .    (no cloak)
rCorr   .          Rampage  .    (no gloves)
Will    .....                    (no boots) Stlth
                                 (no amulet)
HPRegen 0.21/turn                (no ring)
MPRegen 0.08/turn                (no ring)

@: no status effects
A: sickness immunity, AC +2, negative energy resistance 1, electricity
resistance, torment resistance 1, petrification resistance
a: no special abilities


You escaped.
You visited 1 branch of the dungeon, and saw 1 of its levels.

Inventory:

Hand Weapons
 a - a +0 falchion (weapon)
Armour
 b - a +0 scale mail (worn)
Scrolls
 c - a scroll of blinking
 g - 2 scrolls of identify {unknown}
Potions
 e - 2 potions of magic {unknown}


   Skills:
 + Level 1.7 Long Blades
 + Level 2.3 Armour
 + Level 1.1 Stealth
 + Level 1.0 Spellcasting
 + Level 2.0 Fire Magic
 + Level 1.0 Invocations
 + Level 1.0 Evocations


You had one spell level left.
You knew the following spells:

 Your Spells              Type           Power      Damage    Failure   Level
a - Foxfire               Conj/Fire      12%        2x1d4     65%         1

Your spell library contained the following spells:

 Spells                   Type           Power      Damage    Failure   Level
 Kindle Blastsparks       Fire/Tloc/Air  4%         2d10      97%         3
 Sticky Flame             Conj/Fire      3%         2d3       100%        4


Dungeon Overview and Level Annotations

Branches:
Dungeon (1/15)

Altars:


Innate Abilities, Weirdness & Mutations

You are immune to sickness and miasma.
Your stone body is resilient. (AC +2)
You are immune to poison.
You resist negative energy. (rN+)
You are resistant to electric shocks. (rElec)
You are resistant to unholy torment.
You are immune to petrification.


Message History

Okay, then.
There is a staircase leading out of the dungeon here.
d - a scroll labelled AMOECU XALYL No target in view!
e - 2 black potions No target in view!
f - a scroll labelled KIRYGE ALI OCW A quokka comes into view.
A quokka is nearby!
You hit the quokka but do no damage.
The quokka bites you but does no damage.
You completely miss the quokka.
The quokka bites you but does no damage.
The quokka bites you.
You hit the quokka.
The quokka is moderately wounded.
The quokka bites you.
You hit the quokka.
You kill the quokka!
No target in view!
No target in view!
No target in view!
No target in view!
g - 2 scrolls labelled BIDIZU ER VAG
As you read the scroll labelled AMOECU XALYL, it crumbles to dust.
You assume a fearsome visage.
Nothing appears to happen.
It was a scroll of fear.
As you read the scroll labelled KIRYGE ALI OCW, it crumbles to dust.
It is a scroll of amnesia.
Really abort (and waste the scroll)? [Y]es or [N]o only, please.
Really abort (and waste the scroll)? [Y]es or [N]o only, please.
Really abort (and waste the scroll)?
Okay, then.
Okay, then.
Okay, then.
There is a staircase leading out of the dungeon here.
Are you sure you want to leave the Dungeon?
This will make you lose the game!
You have escaped!

≈≈≈≈≈≈≈≈≈≈≈≈≈≈≈
≈≈≈≈≈≈≈≈~≈~~~~≈~
≈≈≈≈≈≈~~≈~.~~~~≈#
≈≈≈≈≈~~....~.~~.#
≈≈≈≈≈~.~~~~.....#
≈≈≈~~~~~~......#
≈≈~~...~...8...#
#≈≈~~.~~@.......##
#≈~≈~.~..........#
#≈~~.~...........#
#≈~~.~...........##
#≈~.~...8.........#
#≈~~..........8...###
#≈~~~........8......#
#≈~.~...............#
#≈~~~.###...........#


There were no monsters in sight!

Vanquished Creatures
  A quokka (D:1)
1 creature vanquished.

Notes
Turn   | Place    | Note
-------+----------+-------------------------------------------
     0 | D:1      | dialectric the Gargoyle Wanderer began the quest for the
                  | Orb.
     0 | D:1      | dialectric set off with the following items: a +0 falchion,
                  | a +0 scale mail, a scroll of blinking; and the following
                  | spell memorised: Foxfire; and the following spells
                  | available to memorise: Kindle Blastsparks, Sticky Flame.
     0 | D:1      | Reached XP level 1. HP: 10/10 MP: 2/2
    47 | D:$      | Got out of the dungeon alive.

Illustrated notes

Levels and vault maps discovered:
D:1:      nicolae_arrival_washed_ashore, layout_loops_cross,
          shapermc_ecumenical_altar_ellora, serial_shops, shop, minivault_27,
          st_stairs_9, minmay_fountain_box, minmay_misc_feat_tiny,
          hangedman_decor_points

Action                     || total
---------------------------++-------
  Melee: Falchion          ||     4
    Use: Scroll            ||     2
 Armour: Scale mail        ||     2

Table legend: (Time is in decaauts)
 A = Elapsed time spent in this place.
 B = Non-inter-level travel time spent in this place.
 C = Inter-level travel time spent in this place.
 D = Time resting spent in this place.
 E = Time spent auto-exploring this place.
 F = Levels seen in this place.
 G = Mean time per level.
                   A        B        C        D        E       F      G
               +--------+--------+--------+--------+--------+-----+--------+
         Total |     47 |     47 |      0 |      0 |     15 |   1 |   47.0 |
       Dungeon |     47 |     47 |      0 |      0 |     15 |   1 |   47.0 |
               +--------+--------+--------+--------+--------+-----+--------+

Top non-repeatable levels by time:
     D:1: 47 daAuts
